 Dungeon Crawl Stone Soup version 0.32-a0-818-gb728d0252e (webtiles) character file.

Game seed: 15292952250309733291

23 Goblin1989 the Sneak (level 2, -7/22 HPs)
             Began as a Demonspawn Brigand on Mar 24, 2024.
             Killed by nerve-wracking pain
             ... invoked by Jessica
              (14 damage)
             ... on level 2 of the Dungeon.
             The game lasted 00:03:09 (1027 turns).

Goblin1989 the Sneak (Demonspawn Brigand)           Turns: 1027, Time: 00:03:09

Health: -7/22      AC:  3    Str: 11    XL:     2   Next: 72%
Magic:  2/2        EV: 12    Int: 11    God:
Gold:   106        SH:  5    Dex: 14    Spells: 1/1 levels left

rFire   . . .        b - +0 short sword (venom)
rCold   . . .        (no shield)
rNeg    . . .        j - +0 robe
rPois   .            (no helmet)
rElec   .            c - +0 cloak
rCorr   .            (no gloves)
SInv    .            (no boots)
Will    .....        i - amulet of reflection
Stlth   +++          (no ring)
HPRegen 0.23/turn    (no ring)
MPRegen 0.08/turn

%: reflection
@: no status effects
A: repulsion field 1
a: no special abilities


You were on level 2 of the Dungeon.
You visited 1 branch of the dungeon, and saw 2 of its levels.

You collected 106 gold pieces.

Inventory:

Hand Weapons
 a - a +2 dagger
 b - a +0 short sword of venom (weapon)
Missiles
 d - 12 poisoned darts (quivered)
 e - 3 curare-tipped darts
Armour
 c - a +0 cloak (worn)
 j - a +0 robe (worn)
Jewellery
 i - an amulet of reflection (around neck)
Scrolls
 g - a scroll of torment {unknown}
 h - a scroll of identify {unknown}
Potions
 f - a potion of curing {unknown}


   Skills:
 - Level 2.0 Fighting
 + Level 2.4 Short Blades
 - Level 1.7 Throwing
 - Level 0.8 Dodging
 + Level 4.1 Stealth


You had one spell level left.
You didn't know any spells.
Your spell library contained the following spells:

 Spells                   Type           Power      Damage    Failure   Level
 Sting                    Conj/Alch      0%         1d3       34%         1
 Mercury Vapours          Alch/Air       0%         N/A       47%         2
 Olgreb's Toxic Radiance  Alch           0%         N/A       98%         4


Dungeon Overview and Level Annotations

Branches:
Dungeon (2/15) Zot: 10977

Altars:

Annotations:
D:2 Jessica


Innate Abilities, Weirdness & Mutations

You are surrounded by a mild repulsion field. (EV +2)


Message History

The adder attacks as it pursues you! The adder bites you but does no damage.
The adder bites you but does no damage.
Jessica gestures wildly while chanting.
Jessica blinks!
The adder attacks as it pursues you! The adder barely misses you.
The adder bites you.
You take 2 damage, and have 19/22 hp.
You miss the adder. The adder bites you.
You are poisoned.
The adder poisons you!
You take 1 damage, and have 18/22 hp.
You miss the adder.
You feel sick. You block the adder's attack.
You take 1 damage, and have 17/22 hp.
You miss the adder.
You feel sick. The adder misses you.
You take 1 damage, and have 16/22 hp.
You closely miss the adder.
You feel sick. The adder barely misses you.
You take 1 damage, and have 15/22 hp.
You miss the adder.
You feel sick. The adder barely misses you.
You hit the adder.
The adder is moderately wounded.
You feel sick. The adder bites you. The adder barely misses you.
You take 4 damage, and have 11/22 hp.
You are too injured to fight recklessly!
You are too injured to fight recklessly!
You are too injured to fight recklessly!
You are too injured to fight recklessly!
You are too injured to fight recklessly!
You are too injured to fight recklessly!
You are too injured to fight recklessly!
You are too injured to fight recklessly!
You are too injured to fight recklessly!
You are too injured to fight recklessly!
You hit the adder but do no damage.
The adder is poisoned.
The adder is moderately wounded.
You feel sick. You block the adder's attack.
You barely miss the adder.
The adder is moderately wounded.
You feel sick.
You are no longer poisoned.
Jessica casts a spell.
Jessica seems to speed up.
The adder closely misses you.
You take 1 damage, and have 10/22 hp.
You barely miss the adder.
The adder is heavily wounded.
The adder barely misses you.
You closely miss the adder.
The adder is heavily wounded.
You block the adder's attack.
You barely miss the adder.
The adder is heavily wounded.
The adder misses you.
You completely miss the adder.
The adder is heavily wounded.
The adder closely misses you.
You hit the adder but do no damage.
The adder looks even sicker.
The adder is heavily wounded.
The adder barely misses you. The adder closely misses you.
You barely miss the adder.
The adder is heavily wounded.
The adder bites you.
You are poisoned.
The adder poisons you!
You take 1 damage, and have 10/22 hp.
You barely miss the adder.
The adder is almost dead.
You feel sick. The adder closely misses you.
You take 1 damage, and have 9/22 hp.
You barely miss the adder.
The adder is almost dead.
You feel sick.
Jessica shouts, "You're disturbing me!
I'll have to kill you!" The adder closely misses you.
You take 1 damage, and have 8/22 hp.
You hit the adder.
You kill the adder!
You feel sick.
Your Stealth skill increases to level 4!
You hit Jessica.
Jessica is poisoned.
Jessica is lightly wounded.
You feel sick. You block Jessica's attack.
You take 1 damage, and have 7/22 hp.
You closely miss Jessica.
Jessica is lightly wounded.
You feel sick.
You are no longer poisoned.
Jessica points at you and mumbles some strange words.
You barely resist. Jessica barely misses you.
You take 1 damage, and have 6/22 hp.
You closely miss Jessica.
Jessica is heavily wounded.
Jessica mumbles some strange words.
Jessica blinks!
Jessica casts a spell.
Jessica blinks!
You see here an adder corpse.
Jessica misses you. Jessica gestures at you while chanting.
Pain shoots through your body!
Ouch! That really hurt!
You die...

.██ █.█.██...... ..█
█....█...... █.█
█..█........ █.█ ██ █...█
... .█ █$.██ █.█ .█ █.██
█.█ .█ ██.██
███.███.████████████...█
█<....█.......†.@....█.█
█.███.█..████████@.█...██
█.█ █.†..█ █†......█
█.███.█..█ █.█████.█
█.....█..█ ██.██ █.███
█.█.███..███████...█ .....
█.█...........██.█.███..██
█.█.███..██.█[...█......█
█.█ █........████.....█


You could see Jessica (fast, poisoned).

Vanquished Creatures
  An adder (D:2)
  A goblin (D:1)
  A hobgoblin (D:1)
  2 jackals (D:1)
  A ball python (D:1)
  A bat (D:2)
  A frilled lizard (D:2)
  3 kobolds
  4 rats (D:1)
15 creatures vanquished.

Notes
Turn   | Place    | Note
-------+----------+-------------------------------------------
     0 | D:1      | Goblin1989 the Demonspawn Brigand began the quest for the
                  | Orb.
     0 | D:1      | Reached XP level 1. HP: 16/16 MP: 1/1
   606 | D:1      | Gained mutation: You are surrounded by a mild repulsion
                  | field. (EV +2) [demonic ancestry]
   606 | D:1      | Reached XP level 2. HP: 22/22 MP: 2/2
   993 | D:2      | Noticed Jessica
  1022 | D:2      | Reached skill level 4 in Stealth
  1027 | D:2      | Killed from afar by Jessica

Illustrated notes

Levels and vault maps discovered:
D:1:      minmay_arrival_four_houses, layout_loops_corners, dk_noncrumbling_4
D:2:      layout_loops_ring, basic_altar, uniq_jessica

Skill      XL: |  1  2 |
---------------+-------+-----
Short Blades   | 2 |  2.4
Stealth        | 4 |  4.1
Fighting       | |  2.0
Throwing       | |  1.7
Dodging        | |  0.8

Action                     || total
---------------------------++-------
  Melee: Dagger            ||    25
         Short sword       ||    20
   Stab: Sleeping          ||     6
 Armour: Robe              ||    14
  Dodge: Dodged            ||    26
  Block: Other             ||     4

Table legend: (Time is in decaauts)
 A = Elapsed time spent in this place.
 B = Non-inter-level travel time spent in this place.
 C = Inter-level travel time spent in this place.
 D = Time resting spent in this place.
 E = Time spent auto-exploring this place.
 F = Levels seen in this place.
 G = Mean time per level.
                   A        B        C        D        E       F      G
               +--------+--------+--------+--------+--------+-----+--------+
         Total |   1021 |   1001 |     20 |    100 |    762 |   2 |  510.5 |
       Dungeon |   1021 |   1001 |     20 |    100 |    762 |   2 |  510.5 |
               +--------+--------+--------+--------+--------+-----+--------+

Top non-repeatable levels by time:
     D:1: 803 daAuts
     D:2: 217 daAuts
